 Dungeon Crawl Stone Soup version 0.23.2-1-ga50397a6bc (webtiles) character file.

Game seed: 538016345559938060

951 Marnok the Poker (level 7, 0/68 HPs)
             Began as a Troll Berserker on Apr 19, 2019.
             Was a Priest of Trog.
             Slain by a wight
             ... wielding a cursed +2 hand axe
              (5 damage)
             ... on level 6 of the Dungeon.
             The game lasted 00:17:33 (4900 turns).

Marnok the Poker (Troll Berserker)                  Turns: 4900, Time: 00:17:33

Health: 0/68       AC:  9    Str: 33    XL:     7   Next: 90%
Magic:  6/6        EV:  5    Int:  3    God:    Trog [***...]
Gold:   355        SH: 14    Dex:  9    Spells: 6/6 levels left

rFire    . . .     SeeInvis .   a - +0 spear
rCold    . . .     Gourm    +   q - +0 large shield
rNeg     . . .     Faith    .   b - +1 animal skin
rPois    .         Spirit   .   (helmet restricted)
rElec    .         Reflect  .   (no cloak)
rCorr    .         Harm     .   (gloves unavailable)
MR       .....     Rnd*Tele +   (boots unavailable)
Stlth    +.........             n - amulet of regeneration
HPRegen  1.01/turn              r - ring of teleportation (curse)
MPRegen  0.10/turn              w - +2 ring of protection

@: mighty, berserk cooldown, flying, hasted and slowed, heavily drained
A: large, unfitting armour, claws 3, fast metabolism 3, gourmand, regeneration
1, shaggy fur 1, tough skin 3
a: Berserk, Trog's Hand, Renounce Religion


You were on level 6 of the Dungeon.
You worshipped Trog.
Trog was most pleased with you.
You were very hungry.

You visited 1 branch of the dungeon, and saw 6 of its levels.

You collected 355 gold pieces.

Inventory:

Hand Weapons
 a - a +0 spear (weapon)
 i - a +0 dagger of electrocution
 m - a +2 dagger of draining
 p - a +2 short sword of electrocution
 u - a +4 dagger
Armour
 b - a +1 animal skin (worn)
 q - a +0 large shield (worn)
 s - a +3 chain mail
Jewellery
 j - a +5 ring of protection
 n - an amulet of regeneration (around neck)
 r - a cursed ring of teleportation (left claw)
 w - a +2 ring of protection (right claw)
 x - an uncursed amulet of the acrobat
Scrolls
 d - 5 scrolls of teleportation
 k - a scroll of blinking
 l - 2 scrolls of random uselessness
 o - 4 scrolls of amnesia
 v - 5 scrolls of remove curse
 y - a scroll of noise
Potions
 e - a potion of agility
 f - a potion of berserk rage
 g - 5 potions of curing
 h - a potion of flight
Comestibles
 c - 10 rations


   Skills:
 + Level 3.7(1.1) Fighting
 + Level 4.8(2.2) Polearms
 + Level 4.7(2.1) Dodging
 + Level 0.3(0.0) Stealth
 + Level 3.4(0.9) Shields


You had 6 spell levels left.
You didn't know any spells.
Your spell library was empty.

Dungeon Overview and Level Annotations

Branches:
Dungeon (6/15)             Temple (0/1) D:6

Altars:
Dithmenos
Gozag
Nemelex Xobeh
Okawaru
Ru
Sif Muna
Uskayaw
Vehumet

Shops:
D:5 (


Innate Abilities, Weirdness & Mutations

You are too large for most types of armour.
You have claws for hands.
Your metabolism is lightning-fast.
You like to eat raw meat.
Your natural rate of healing is unusually fast.
You are covered in fur. (AC +1)
You have extremely tough skin. (AC +3)


Message History

You block the wight's attack. x2
Okay, then.
It was a potion of flight.
You feel very buoyant.
You fly up into the air.
You block the wight's attack.
The wight hits you with a +0 short sword.
* * * LOW HITPOINT WARNING * * *
You feel drained.
It was a potion of haste.
You feel yourself speed up.
The wight hits you with a +0 short sword!
* * * LOW HITPOINT WARNING * * *
You block the wight's attack. x2
The wight hits you with a cursed +2 hand axe.
* * * LOW HITPOINT WARNING * * *
You feel drained.
It was a potion of might.
You feel very mighty all of a sudden. You block the wight's attack.
The wight hits you with a cursed +2 hand axe.
You die...

,>,,,,,,,,,,,,*,,,,,,,,,,,,,,***+
******+********,,,,,,,*,*,*,,***,
*,,*,,,,,,,,,,,,,,,,,,,,,,,,,*,,,
*,,*,,,,,,,,,,,,,,,,,,*,*,*,,*,,,
*,,*,,,,,,,,,,,,,,,,,,,,,,,,,*,,,
*,,*,,,,,,,,,,,,,,,,,,*,*,*,,*,,,
*+**,,,,,,,,,,,,,,,,,,,,,,,,**,,,
,,,,,*+**,,,,*######,,,,,,,,,,,,*
,,,,,*********#)@).+,,,,,,,,,,,,*
,,,,,*,,,,,#...zz..#,,,,,,,,,,,,*
,,,,,*,,...'....####,,,,,,,,,,,,*
,,,,,*_,...'..8..,,**+****+******
*+****,,...'.....,,*,,,*,,,,,,,,,
,,,,,*,,...#......,*,,,*,,,,,,,,,
,,,,,***#######...,*,,,*,,,,,,,,,
*,**** *,,***,.....*****,,*******
*,******,,*,,,,,*+**,****+*****,,


You could see 2 wights.

Vanquished Creatures
  A phantom (D:5)
  3 wights (D:6)
  A crimson imp (D:5)
  A bullfrog zombie (D:5)
  A jelly (D:5)
  A bullfrog skeleton (D:5)
  2 orc priests (D:5)
  3 orc wizards
  3 iguanas
  3 worker ants (D:4)
  A hound skeleton (D:5)
  4 gnolls (D:3)
  12 adders
  2 river rats (D:3)
  An adder skeleton (D:4)
  5 worms
  A dart slug (D:4)
  3 leopard geckos
  10 orcs
  6 bats
  12 giant cockroaches
  15 hobgoblins
  8 jackals
  5 kobolds
  A quokka (D:2)
  6 frilled lizards
  3 goblins
  A jackal zombie (D:5)
  A leopard gecko skeleton (D:4)
  A quokka skeleton (D:5)
  16 rats
  2 toadstools (D:1)
135 creatures vanquished.

Vanquished Creatures (others)
  2 toadstools (D:1)
2 creatures vanquished.

Grand Total: 137 creatures vanquished

Notes
Turn   | Place    | Note
-------+----------+-------------------------------------------
     0 | D:1      | Marnok the Troll Berserker began the quest for the Orb.
     0 | D:1      | Reached XP level 1. HP: 22/22 MP: 0/0
   170 | D:1      | Reached XP level 2. HP: 25/29 MP: 1/1
   687 | D:1      | Reached XP level 3. HP: 36/36 MP: 2/2
   903 | D:2      | Reached ** piety under Trog
   925 | D:2      | Found a hide-covered altar of Uskayaw.
   952 | D:2      | Noticed a +0 hand axe
  1011 | D:2      | Reached XP level 4. HP: 20/45 MP: 3/3
  1241 | D:2      | Noticed a +0 hand axe
  1505 | D:3      | Found a radiant altar of Vehumet.
  1720 | D:3      | Reached XP level 5. HP: 53/53 MP: 4/4
  1939 | D:3      | Found a sacrificial altar of Ru.
  2194 | D:3      | Reached *** piety under Trog
  2225 | D:3      | Reached skill level 1 in Shields
  2386 | D:3      | Found an iron altar of Okawaru.
  3073 | D:4      | Reached XP level 6. HP: 40/61 MP: 5/5
  3119 | D:4      | Found an opulent altar of Gozag.
  3264 | D:4      | Found a sparkling altar of Nemelex Xobeh.
  3517 | D:5      | Entered Level 5 of the Dungeon
  3706 | D:5      | Reached XP level 7. HP: 63/67 MP: 6/6
  3921 | D:5      | Found Hiph's Weapon Shop.
  3940 | D:5      | Found a sacrificial altar of Ru.
  4061 | D:5      | Found a deep blue altar of Sif Muna.
  4176 | D:5      | Found a shadowy altar of Dithmenos.
  4211 | D:5      | Reached **** piety under Trog
  4900 | D:6      | Slain by a wight

Skill      XL: |  1  2  3  4  5  6  7 |
---------------+----------------------+-----
Dodging        | 3 4 |  4.7
Fighting       | 3 |  3.7
Polearms       | 3 4 |  4.8
Shields        | 1 2 3 |  3.4
Stealth        | |  0.3

Action                   |  1- 3 |  4- 6 |  7- 9 || total
-------------------------+-------+-------+-------++-------
Melee: Spear             |   176 |   503 |   175 ||   854
Invok: Berserk           |       |     1 |     1 ||     2
  Use: Scroll            |       |     8 |     3 ||    11
       Potion            |       |       |     4 ||     4
 Stab: Sleeping          |       |     1 |       ||     1
  Eat: Chunk             |    11 |    27 |     4 ||    42
       Ration            |       |       |     1 ||     1
Armor: Animal skin       |    81 |   137 |    45 ||   263
Dodge: Dodged            |   110 |   101 |    31 ||   242
Block: Large shield      |       |   281 |   156 ||   437
